Map: Chain of Ascension

Players

monk

  • Race: Terran Terran
  • Spawn Location: 11:00

XxMaximusxX

  • Race: Terran Terran
  • Spawn Location: 11:00

VOD

Have the link to the VOD?

Description

Time

  • Played on: Aug. 13, 2017, 1:38 p.m.
  • Length: 16:30
Show
View Real Time Build Order
Export as new Build Order

monk Terran 

Build Orders:  

Get SALT Encoding   

  12  0:03  SCV  
  13  0:20  SCV  
  13  0:25  Refinery  
  14  0:37  SCV  
  15  0:44  Refinery  
  15  0:54  SCV  
  16  1:07  Barracks  
  16  1:12  SCV  
  17  1:29  SCV  
  18  1:46  SCV  
  19  2:03  SCV  
  20  2:14  Factory  
  20  2:20  SCV  
  20  2:26  Command Center  
  21  2:37  SCV  
  22  2:47  Engineering Bay  
  22  2:54  SCV, Barracks Tech Lab  
  23  3:10  SCV  
  24  3:23  Starport  
  24  3:25  Terran Infantry Weapons Level 1  
  24  3:28  SCV  
  25  3:30  Super Stimpack  
  25  4:00  Armory  
  24  4:40  Elite Marine  
  28  5:05  SCV  
  29  5:11  Refinery  
  29  5:13  Refinery  
  29  5:37  Laser Targeting System  
  29  5:43  SCV x2  
  31  5:52  Starport Tech Lab  
  31  5:53  Factory Tech Lab  
  31  6:00  SCV  
  31  6:01  SCV  
  33  6:17  SCV, Terran Infantry Weapons Level 2  
  33  6:18  SCV  
  35  6:33  Raid Artillery  
  35  6:34  SCV  
  35  6:39  SCV  
  37  6:51  SCV  
  37  6:56  SCV  
  39  7:03  Covert Triage  
  39  7:18  Raid Liberator  
  45  7:59  Elite Marine  
  49  8:07  Raven Type-II  
  49  8:08  SCV  
  49  8:09  SCV  
  53  8:11  Terran Vehicle and Ship Weapons Level 1  
  53  8:23  Defensive Drone  
  53  8:30  Railgun Turret  
  53  8:46  Lockdown Missiles  
  53  8:48  Enhanced Manufacturing  
  53  9:06  SCV  
  54  9:23  Strike Goliath  
  60  9:31  Ares-Class Targeting System  
  60  9:33  Smart Servos  
  60  9:46  Defensive Drone  
  60  10:11  Strike Goliath  
  66  10:33  Tactical Airlift  
  65  11:12  Hellbat Rangers  
  65  11:13  Hellbat Rangers  
  73  11:24  Terran Infantry Weapons Level 3  
  73  11:28  Terran Vehicle and Ship Weapons Level 2  
  73  11:58  Raven Type-II  
  75  12:37  Elite Marine  
  79  12:53  Griffin Airstrike  
  78  13:20  Raid Liberator  
  84  13:46  Defensive Drone  
  84  13:51  Strike Goliath  
  84  13:55  Defensive Drone  
  90  14:27  Hellbat Rangers  
  85  15:17  Instant Regeneration  
  81  15:20  Railgun Turret  
  81  15:21  Railgun Turret  
  79  15:42  Griffin Airstrike  
  79  15:48  Instant Regeneration  
Show
View Real Time Build Order
Export as new Build Order

XxMaximusxX Terran 

Build Orders:  

Get SALT Encoding   

  11  1:31  Barracks  
Tags
 
Add a new tag
Caveats
  • Supply blocks, unpowered buildings, or Contaminate may cause inaccurate times.
  • Supply counts are checked every 10 seconds.